 Dungeon Crawl Stone Soup version 0.27-a0-1196-g3e9cee4cb2 (webtiles) character file.

Game seed: 16509671297747602450

49 pilgrim the Shooter (level 3, -2/21 HPs)
             Began as a Deep Elf Hunter on May 28, 2021.
             Slain by a goblin
             ... wielding a +1 dagger of flaming
              (4 damage)
             ... on level 2 of the Dungeon.
             The game lasted 00:03:20 (1285 turns).

pilgrim the Shooter (Deep Elf Hunter)               Turns: 1285, Time: 00:03:21

Health: -2/21      AC:  3    Str: 10    XL:     3   Next: 51%
Magic:  5/5        EV: 12    Int: 15    God:
Gold:   63         SH:  5    Dex: 15    Spells: 2/2 levels left

rFire    . . .     SeeInvis .   b - +0 short sword
rCold    . . .     Faith    .   (no shield)
rNeg     . . .     Spirit   .   c - +0 leather armour
rPois    .         Reflect  +   (no helmet)
rElec    .         Harm     .   (no cloak)
rCorr    .         Rampage  .   (no gloves)
Will     .....                  (no boots)
Stlth    ++........             l - amulet of reflection
HPRegen  0.07/turn              (no ring)
MPRegen  0.09/turn              (no ring)

@: no status effects
A: no striking features
a: no special abilities


You were on level 2 of the Dungeon.
You visited 1 branch of the dungeon, and saw 2 of its levels.

You collected 63 gold pieces.

Inventory:

Hand Weapons
 a - a +1 shortbow
 b - a +0 short sword (weapon)
Missiles
 d - 6 arrows
Armour
 c - a +0 leather armour (worn)
Jewellery
 l - an amulet of reflection (around neck)
Scrolls
 e - a scroll of brand weapon {unknown}
 f - a scroll of amnesia {unknown}
 g - a scroll of immolation {unknown}
 i - a scroll of silence {unknown}
 j - a scroll of torment {unknown}
 m - a scroll of identify {unknown}
Potions
 h - a potion of curing {unknown}
 k - a potion of flight {unknown}
 n - a potion of degeneration {unknown}
 o - a potion of might {unknown}


   Skills:
 + Level 2.1 Fighting
 + Level 5.8 Bows
 - Level 3.0 Dodging
 + Level 2.5 Stealth


You had 2 spell levels left.
You didn't know any spells.
Your spell library contained the following spells:

 Spells                   Type           Power      Damage    Failure   Level
 Animate Skeleton         Necr           0%         N/A       36%         1
 Apportation              Tloc           0%         N/A       36%         1
 Corona                   Hex            0%         N/A       36%         1
 Summon Small Mammal      Summ           0%         N/A       36%         1


Dungeon Overview and Level Annotations

Branches:
Dungeon (2/15)

Altars:


Message History

The goblin burns you.
b - a +0 short sword (weapon)
You are too injured to fight recklessly!
You are too injured to fight recklessly!
You hit the goblin but do no damage.
The goblin is moderately wounded.
The goblin barely misses you.
You hit the goblin but do no damage.
The goblin is moderately wounded.
You block the goblin's attack.
You closely miss the goblin.
The goblin is moderately wounded.
The goblin hits you with a +1 dagger of flaming.
The goblin burns you.
The goblin hits you with a +1 dagger of flaming.
The goblin burns you.
You closely miss the goblin.
The goblin is moderately wounded.
The goblin hits you with a +1 dagger of flaming.
The goblin burns you.
* * * LOW HITPOINT WARNING * * *
You hit the goblin.
The goblin is heavily wounded.
The goblin hits you with a +1 dagger of flaming.
* * * LOW HITPOINT WARNING * * *
The goblin burns you.
* * * LOW HITPOINT WARNING * * *
You barely miss the goblin.
The goblin is heavily wounded.
The goblin hits you but does no damage.
You hit the goblin but do no damage.
The goblin is heavily wounded.
The goblin hits you with a +1 dagger of flaming.
* * * LOW HITPOINT WARNING * * *
The goblin burns you.
* * * LOW HITPOINT WARNING * * *
You hit the goblin but do no damage.
The goblin is heavily wounded.
The goblin hits you with a +1 dagger of flaming.
You die...

.#.# #..# .#.#
#..# .#.###..#
.#......#
.#..##.########
.#..##........#
.#...#.######.#
##.#.#.#
#.#########.
#.#...#
###'#.@g......
#.##..#
#.)...##(....)
#.##.># #.....#
..... #. ####
#.....# (... #.
#..#### ### #+
#.. #.. ###


You could see a goblin.

Vanquished Creatures
  An adder (D:2)
  2 ball pythons (D:1)
  6 bats (D:1)
  3 endoplasms
  2 giant cockroaches
  2 goblins (D:1)
  6 hobgoblins
  4 jackals (D:1)
  3 kobolds (D:1)
  A quokka (D:1)
  A rat (D:1)
31 creatures vanquished.

Notes
Turn   | Place    | Note
-------+----------+-------------------------------------------
     0 | D:1      | pilgrim the Deep Elf Hunter began the quest for the Orb.
     0 | D:1      | Reached XP level 1. HP: 12/12 MP: 3/3
    77 | D:1      | Reached XP level 2. HP: 17/17 MP: 4/4
   598 | D:1      | Reached XP level 3. HP: 21/21 MP: 5/5
  1285 | D:2      | Slain by a goblin

Illustrated notes

Levels and vault maps discovered:
D:1:      dpeg_arrival_refuge, layout_loops_cross
D:2:      layout_basic, shapermc_ecumenical_altar_notcrosses,
          kennysheep_generic_room_16

Skill      XL: |  1  2 |
---------------+-------+-----
Stealth        | 2 |  2.5
Dodging        | 3 |  3.0
Fighting       | 2 |  2.1
Bows           | |  5.8

Action                   || total
-------------------------++-------
Melee: Short sword       ||    55
 Fire: Shortbow          ||    67
 Stab: Sleeping          ||     5
Armor: Leather armour    ||    22
Dodge: Dodged            ||    52
Block: Other             ||     1

Table legend: (Time is in decaauts)
 A = Elapsed time spent in this place.
 B = Non-inter-level travel time spent in this place.
 C = Inter-level travel time spent in this place.
 D = Time resting spent in this place.
 E = Time spent auto-exploring this place.
 F = Levels seen in this place.
 G = Mean time per level.
                   A        B        C        D        E       F      G
               +--------+--------+--------+--------+--------+-----+--------+
         Total |   1285 |   1282 |      3 |      0 |   1039 |   2 |  642.5 |
       Dungeon |   1285 |   1282 |      3 |      0 |   1039 |   2 |  642.5 |
               +--------+--------+--------+--------+--------+-----+--------+

Top non-repeatable levels by time:
     D:1: 1091 daAuts
     D:2: 194 daAuts
